 Dungeon Crawl Stone Soup version 0.28-a0-1087-gf3fc490d9d (webtiles) character file.

Game seed: 5700774171814080628

231 ders the Ducker (level 5, -2/21 HPs)
             Began as a Felid Summoner on Dec 11, 2021.
             Engulfed by their own flame (23 damage)
             ... on level 4 of the Dungeon.
             The game lasted 00:09:11 (4657 turns).

ders the Ducker (Felid Summoner)                    Turns: 4657, Time: 00:09:12

Health: -2/21      AC:  1    Str:  4    XL:     5   Next: 73%
Magic:  2/11       EV: 19    Int: 19    God:
Gold:   120        SH:  0    Dex: 16    Spells: 2/11 levels left
                                        Lives:  0   Deaths: 1

rFire   . . .      SeeInvis +   (weapon unavailable)
rCold   . . .      Faith    .   (shield unavailable)
rNeg    . . .      Spirit   .   (armour unavailable)
rPois   .          Reflect  .   (helmet unavailable)
rElec   .          Harm     .   (cloak unavailable)
rCorr   .          Rampage  .   (gloves unavailable)
Will    .....                   (boots unavailable)
Stlth   ++........              (no amulet)
HPRegen 0.07/turn               (no ring)
MPRegen 0.12/turn               (no ring)

@: quick
A: very small, claws 1, fangs 3, see invisible, speed 1, shaggy fur 1, stealthy
paws, no weapons or thrown items, no armour, multi-lived
a: no special abilities


You were on level 4 of the Dungeon.
You visited 1 branch of the dungeon, and saw 4 of its levels.

You collected 120 gold pieces.

Inventory:

Wands
 m - a wand of iceblast (1)
Scrolls
 a - 2 scrolls of amnesia {unknown}
 c - a scroll of fog {unknown}
 d - a scroll of summoning {unknown}
 e - a scroll of enchant armour {unknown}
 f - 2 scrolls of teleportation {unknown}
 i - a scroll of immolation {unknown}
 l - a scroll of identify {unknown}
Potions
 b - 4 potions of curing {unknown}
 g - 2 potions of magic {unknown}
 h - a potion of brilliance {unknown}
 j - a potion of attraction {unknown}
 k - a potion of might {unknown}
 n - a potion of mutation {unknown}


   Skills:
 + Level 5.5 Dodging
 - Level 2.6 Stealth
 + Level 3.7 Spellcasting
 + Level 5.4 Summonings


You had 2 spell levels left.
You knew the following spells:

 Your Spells              Type           Power      Damage    Failure   Level
a - Summon Small Mammal   Summ           96%        N/A       1%          1
b - Call Imp              Summ           24%        N/A       2%          2
c - Call Canine Familiar  Summ           24%        N/A       4%          3
d - Summon Guardian Gole  Hex/Summ       13%        N/A       14%         3

Your spell library contained the following spells:

 Spells                   Type           Power      Damage    Failure   Level
 Gell's Gravitas          Tloc           3%         N/A       38%         3
 Lesser Beckoning         Tloc           3%         N/A       38%         3
 Teleport Other           Tloc           3%         N/A       38%         3
 Summon Lightning Spire   Summ/Air       13%        N/A       43%         4


Dungeon Overview and Level Annotations

Branches:
Dungeon (4/15)
 Temple: D:4-7

Altars:


Innate Abilities, Weirdness & Mutations

You have sharp claws.
You have razor-sharp teeth.
You have supernaturally acute eyesight. (SInv)
You cover ground quickly. (Speed+)
You are covered in fur. (AC +1)
Your paws help you pounce on unaware monsters.
You are incapable of wielding weapons or throwing items.
You cannot wear armour.
You gain extra lives every three experience levels.


Message History

The scorpion stings your hound.
Your hound dies!
Your hound's corpse disappears in a puff of smoke!
Casting: Call Canine Familiar (quite dangerous; 4% risk of failure)
Confirm with . or Enter, or press ? or * to list all spells.
A guardian golem appears, shielding your allies.
You swap places.
The scorpion stings your guardian golem but does no damage.
The scorpion stings your guardian golem.
The scorpion stings your guardian golem!
The scorpion stings your guardian golem.
The scorpion completely misses your guardian golem.
The scorpion stings your guardian golem but does no damage.
The scorpion stings your guardian golem but does no damage.
The scorpion stings your guardian golem.
Your guardian golem overheats!
The scorpion stings your guardian golem!
Flame seeps out of your guardian golem.
The scorpion stings your guardian golem.
Flame seeps out of your guardian golem.
Your guardian golem is engulfed in blazing flames.
Flame seeps out of your guardian golem.
The scorpion stings your guardian golem.
Flame seeps out of your guardian golem.
Your guardian golem is engulfed in blazing flames.
Your guardian golem disappears in a puff of smoke!
Your guardian golem explodes!
The fiery explosion engulfs the scorpion!!
The scorpion dies!
You start resting.
A water moccasin zombie comes into view.
Casting: Summon Guardian Golem (extremely dangerous; 14% risk of failure)
Confirm with . or Enter, or press ? or * to list all spells.
A guardian golem appears, shielding your allies.
Really walk into that cloud of flame? [Y]es or [N]o only, please.
Really walk into that cloud of flame?
You are engulfed in blazing flames.
Ouch! That really hurt!
You die...

#..### #....
######...###.#
............(#
#######.######
.............#
.#.###.Z.###<#
#.....#(#
#...#@#.#
#....9#.#
###..##.#.#$###
.......?.......
###..##.#######
..... #.# ####
#.# #.# #.#


You could see a water moccasin zombie and a friendly guardian golem (summoned).

Vanquished Creatures
  2 endoplasms
  A giant cockroach (D:2)
  2 goblins
  2 kobolds
  A quokka (D:1)
  2 frilled lizards (D:2)
  A rat (D:2)
  A spectral hobgoblin (D:1)
12 creatures vanquished.

Vanquished Creatures (collateral kills)
  Crazy Yiuf (D:3)
  A bullfrog skeleton (D:2)
  Ijyb (D:3)
  Natasha (twice) (D:3)
  3 adders (D:2)
  A worm (D:2)
  3 orcs (D:3)
  2 ball pythons
  4 bats
  5 endoplasms
  2 giant cockroaches (D:1)
  5 goblins
  4 hobgoblins
  8 kobolds
  3 quokkas (D:1)
  3 frilled lizards
  4 rats
52 creatures vanquished.

Vanquished Creatures (others)
  A scorpion (D:4)
  Natasha (D:3)
  4 plants (D:1)
6 creatures vanquished.

Grand Total: 70 creatures vanquished

Notes
Turn   | Place    | Note
-------+----------+-------------------------------------------
     0 | D:1      | ders the Felid Summoner began the quest for the Orb.
     0 | D:1      | Reached XP level 1. HP: 7/7 MP: 4/4
   475 | D:1      | Found a faded altar of an unknown god.
   606 | D:1      | Reached XP level 2. HP: 3/11 MP: 6/6
   879 | D:1      | Learned a level 2 spell: Call Imp
  2227 | D:2      | Reached XP level 3. HP: 8/14 MP: 2/7
  2582 | D:2      | Learned a level 3 spell: Call Canine Familiar
  3112 | D:2      | Reached XP level 4. HP: 18/18 MP: 6/9
  3289 | D:3      | Learned a level 3 spell: Summon Guardian Golem
  3318 | D:3      | Noticed Natasha
  3762 | D:3      | Noticed Ijyb
  3788 | D:3      | Killed Ijyb
  3789 | D:3      | Reached XP level 5. HP: 7/21 MP: 1/10
  4024 | D:3      | Slain by a white imp
  4025 | D:3      | Reached XP level 4. HP: -1/18 MP: 1/9
  4131 | D:3      | Killed Natasha
  4132 | D:3      | Reached skill level 5 in Summonings
  4203 | D:3      | Found a runed translucent door.
  4204 | D:3      | Noticed Crazy Yiuf
  4319 | D:3      | Killed Crazy Yiuf
  4320 | D:3      | Reached skill level 5 in Dodging
  4407 | D:3      | Noticed Natasha
  4430 | D:3      | Killed Natasha
  4431 | D:3      | Reached XP level 5. HP: 13/21 MP: 6/11
  4501 | D:3      | Noticed Natasha
  4526 | D:3      | Killed Natasha
  4657 | D:4      | Engulfed by their own flame

Illustrated notes

Levels and vault maps discovered:
D:1:      denvon_arrival_planthouse, layout_basic,
          dreamdust_ecumenical_altar_drowned_temple, serial_bayou_lagoon_b
D:2:      layout_loops_ring, st_stairs_6
D:3:      layout_rooms, uniq_natasha, uniq_ijyb, uniq_crazy_yiuf_cottage
D:4:      layout_basic, mainiacjoe_overflow_cross_hatched, st_stairs_2,
          uniq_sigmund, uniq_edmund, uniq_blork_the_orc

Skill      XL: |  1  2  3  4 |
---------------+-------------+-----
Dodging        | 3 4 5 |  5.5
Spellcasting   | 3 |  3.7
Summonings     | 5 |  5.4
Stealth        | |  2.6

Action                   |  1- 3 |  4- 6 || total
-------------------------+-------+-------++-------
Melee: Unarmed           |    57 |    10 ||    67
       Bite              |     2 |       ||     2
 Cast: Summon Small Mamm |    46 |    10 ||    56
       Call Imp          |    14 |    14 ||    28
       Call Canine Famil |     2 |     8 ||    10
       Summon Guardian G |       |     6 ||     6
 Stab: Distracted        |     1 |       ||     1
       Sleeping          |     1 |     1 ||     2
Armor: Skin              |    14 |     3 ||    17
Dodge: Dodged            |   108 |    33 ||   141

Table legend: (Time is in decaauts)
 A = Elapsed time spent in this place.
 B = Non-inter-level travel time spent in this place.
 C = Inter-level travel time spent in this place.
 D = Time resting spent in this place.
 E = Time spent auto-exploring this place.
 F = Levels seen in this place.
 G = Mean time per level.
                   A        B        C        D        E       F      G
               +--------+--------+--------+--------+--------+-----+--------+
         Total |   4299 |   4141 |    158 |   1262 |   2002 |   4 | 1074.8 |
       Dungeon |   4299 |   4141 |    158 |   1262 |   2002 |   4 | 1074.8 |
               +--------+--------+--------+--------+--------+-----+--------+

Top non-repeatable levels by time:
     D:1: 2000 daAuts
     D:3: 1195 daAuts
     D:2: 1044 daAuts
     D:4: 58 daAuts
